 Dungeon Crawl Stone Soup version 0.29-a0-581-ge9a90b7 (webtiles) character file.

Game seed: 7776713932462571666

42 Illumine the Firebug (level 3, 0/19 HPs)
             Began as a Deep Elf Fire Elementalist on June 14, 2022.
             Slain by a jackal (2 damage)
             ... on level 1 of the Dungeon.
             The game lasted 00:01:52 (1106 turns).

Illumine the Firebug (Deep Elf Fire Elementalist)   Turns: 1106, Time: 00:01:52

Health: 0/19       AC:  2    Str:  5    XL:     3   Next: 33%
Magic:  4/10       EV: 13    Int: 21    God:
Gold:   66         SH:  0    Dex: 15    Spells: 3/9 levels left

rFire   . . .      SeeInvis .   (no weapon)
rCold   . . .      Faith    .   (no shield)
rNeg    . . .      Spirit   .   a - +0 robe
rPois   .          Reflect  .   (no helmet)
rElec   .          Harm     .   (no cloak)
rCorr   .          Rampage  .   (no gloves)
Will    .....                   (no boots)
Stlth   ++........              (no amulet)
HPRegen 0.06/turn               (no ring)
MPRegen 0.12/turn               (no ring)

@: no status effects
A: no striking features
a: no special abilities


You were on level 1 of the Dungeon.
You visited 1 branch of the dungeon, and saw 2 of its levels.

You collected 66 gold pieces.

Inventory:

Hand Weapons
 c - a +0 mace
 i - a +2 hunting sling of freezing
Armour
 a - a +0 robe (worn)
Scrolls
 d - a scroll of vulnerability {unknown}
 e - 2 scrolls of magic mapping {unknown}
 f - a scroll of blinking {unknown}
 j - 2 scrolls of identify {unknown}
Potions
 b - a potion of magic
 g - 2 potions of curing {unknown}
 h - a potion of mutation {unknown}
 k - a potion of might {unknown}
 l - a potion of degeneration {unknown}


   Skills:
 + Level 3.1 Dodging
 - Level 2.4 Stealth
 + Level 3.6 Spellcasting
 + Level 2.0 Conjurations
 + Level 3.7 Fire Magic


You had 3 spell levels left.
You knew the following spells:

 Your Spells              Type           Power      Damage    Failure   Level
a - Foxfire               Conj/Fire      64%        2x1d7     3%          1
b - Scorch                Fire           38%        2d7       4%          2
c - Conjure Flame         Conj/Fire      16%        6-21      12%         3

Your spell library contained the following spells:

 Spells                   Type           Power      Damage    Failure   Level
 Inner Flame              Hex/Fire       11%        N/A       17%         3
 Flame Wave               Conj/Fire      16%        2d6       36%         4


Dungeon Overview and Level Annotations

Branches:
Dungeon (2/15)

Altars:


Message History

The foxfire hits the adder.
The adder is almost dead.
The jackal bites you. The adder attacks as you move away!
The adder bites you. x2
Casting: Foxfire (safe; 4% risk of failure)
Confirm with . or Enter, or press ? or * to list all spells.
You miscast Foxfire.
Nothing appears to happen.
The adder bites you.
Casting: Foxfire (safe; 4% risk of failure)
Confirm with . or Enter, or press ? or * to list all spells.
Flames lash the adder.
You kill the adder!
You hear a bark!
The jackal barely misses you.
A jackal comes into view.
Your Conjurations skill increases to level 2!
Casting: Scorch (safe; 4% risk of failure)
Confirm with . or Enter, or press ? or * to list all spells.
Flames lash the jackal.
You kill the jackal!
The jackal barks!
Unknown command.
Your magical contamination has completely faded away.
A jackal comes into view.
The jackal barks!
The jackal attacks as you move away! The jackal bites you.
* * * LOW HITPOINT WARNING * * *
The jackal bites you.
* * * LOW HITPOINT WARNING * * *
There is a stone staircase leading up here.
The jackal stops to sniff the ground.
The jackal bites you.
* * * LOW HITPOINT WARNING * * *
You climb upwards.
There is a stone staircase leading down here.
Casting: Scorch (safe; 4% risk of failure)
Confirm with . or Enter, or press ? or * to list all spells.
You conjure some foxfire!
The jackal bites you.
* * * LOW HITPOINT WARNING * * *
The jackal bites you.
You die...

........
#...#########.#.#
........
###....##.........#
#..........######.#
#.##.#.##..# #....#
#.#....# .
#.##.##### #.#..#.#
#.#.....)# #......#
#...####.#
#####vh#########.#
#.# #v@..........#
#.#
#######.###########
#.# #.......# #.#
#.####### #.# #.#
#.# #.# ###########
#.# #.# #..........
#.# ####.#
#####.######### #.#
#....#
#............ #.#


You could see a jackal (ally target).

Vanquished Creatures
  2 adders (D:2)
  A worm (D:2)
  A dart slug (D:1)
  A ball python (D:2)
  2 endoplasms
  A giant cockroach (D:2)
  A hobgoblin (D:1)
  4 jackals
  A quokka (D:1)
  A bat (D:2)
  A kobold (D:1)
  2 rats
18 creatures vanquished.

Vanquished Creatures (others)
  53 foxfires
53 creatures vanquished.

Grand Total: 71 creatures vanquished

Notes
Turn   | Place    | Note
-------+----------+-------------------------------------------
     0 | D:1      | Illumine the Deep Elf Fire Elementalist began the quest for
                  | the Orb.
     0 | D:1      | Reached XP level 1. HP: 10/10 MP: 6/6
   281 | D:1      | Reached XP level 2. HP: 5/15 MP: 4/8
   482 | D:1      | Learned a level 2 spell: Scorch
   600 | D:1      | You fall into a shaft and drop 1 floor!
   810 | D:2      | Reached XP level 3. HP: 17/19 MP: 0/10
   959 | D:2      | Learned a level 3 spell: Conjure Flame
  1106 | D:1      | Slain by a jackal

Illustrated notes

Levels and vault maps discovered:
D:1:      dpeg_arrival_rhombi, layout_basic, basic_ecumenical_altar
D:2:      layout_loops_ring, basic_altar, serial_bayou_pond_e, hex_large,
          minmay_unequal

Skill      XL: |  1  2  3 |
---------------+----------+-----
Dodging        | 3 |  3.1
Conjurations   | 2 |  2.0
Stealth        | |  2.4
Spellcasting   | |  3.6
Fire Magic     | |  3.7

Action                   || total
-------------------------++-------
 Cast: Foxfire           ||    32
       Scorch            ||     2
Armor: Robe              ||     1
Dodge: Dodged            ||    15

Table legend: (Time is in decaauts)
 A = Elapsed time spent in this place.
 B = Non-inter-level travel time spent in this place.
 C = Inter-level travel time spent in this place.
 D = Time resting spent in this place.
 E = Time spent auto-exploring this place.
 F = Levels seen in this place.
 G = Mean time per level.
                   A        B        C        D        E       F      G
               +--------+--------+--------+--------+--------+-----+--------+
         Total |   1106 |   1106 |      0 |    326 |    547 |   2 |  553.0 |
       Dungeon |   1106 |   1106 |      0 |    326 |    547 |   2 |  553.0 |
               +--------+--------+--------+--------+--------+-----+--------+

Top non-repeatable levels by time:
     D:1: 601 daAuts
     D:2: 504 daAuts
